 Dungeon Crawl Stone Soup version 0.26-a0-43-g20b394cb32 (webtiles) character file.

Game seed: 5812214876747461643

180854 MarredHen the Destroyer (level 18, -9/100 HPs)
             Began as a Kobold Conjurer on June 2, 2020.
             Was the Champion of Hepliaklqana.
             Mangled by an alligator snapping turtle (24 damage)
             ... on level 4 of the Shoals on June 3, 2020.
             The game lasted 05:23:11 (53978 turns).

MarredHen the Destroyer (Kobold Conjurer)          Turns: 53978, Time: 05:23:12

Health: -9/100     AC: 30    Str: 10    XL:     18   Next: 97%
Magic:  1/30       EV: 24    Int: 28    God:    Hepliaklqana [******]
Gold:   1537       SH: 15    Dex: 17    Spells: 2/33 levels left

rFire    + + .     SeeInvis +   a - +7 quick blade "Poniej" {flame, +Inv rPois Int+5 Stlth-}
rCold    . . .     Gourm    .   k - +3 buckler {AC+3}
rNeg     . . .     Faith    .   p - +5 steam dragon scales
rPois    +         Spirit   .   R - +2 helmet
rElec    +         Reflect  +   x - +2 cloak {MR+}
rCorr    .         Harm     .   J - +2 pair of gloves {Str+3}
MR       ++...                  Z - +0 pair of boots
Stlth    ++++......             n - amulet of reflection
HPRegen  0.26/turn              i - ring of False Hope {rElec rF+ AC+4}
MPRegen  0.22/turn              u - ring of see invisible

@: about to teleport, mesmerised
A: small, reduced essence, carnivore, fire resistance 1, strong 1, MP-powered
wands
a: Recall Ancestor, Ancestor Identity, Transference, Idealise, Renounce
Religion, Evoke Invisibility


You were on level 4 of the Shoals.
You worshipped Hepliaklqana.
Hepliaklqana was exalted by your worship.
You were not hungry.

You visited 6 branches of the dungeon, and saw 31 of its levels.
You visited the Abyss 1 time.
You also visited: Sewer.

You collected 2844 gold pieces.
You spent 1307 gold pieces at shops.

Inventory:

Hand Weapons
 a - the +7 quick blade "Poniej" (weapon) {flame, +Inv rPois Int+5 Stlth-}
   (You acquired it on level 2 of the Orcish Mines)

   It has been specially enchanted to burn those struck by it, causing extra
   injury to most foes and up to half again as much damage against particularly
   susceptible opponents.
   It affects your intelligence (+5).
   It protects you from poison.
   It lets you turn invisible.
   It makes you less stealthy.
Missiles
 O - 3 javelins
 P - 15 curare-tipped darts (quivered)
Armour
 k - a +3 buckler of protection (worn)
 p - +5 steam dragon scales (worn)
 x - a +2 cloak of magic resistance (worn)
 J - a +2 pair of gloves of strength (worn)
 R - a +2 helmet (worn)
 Z - a +0 pair of boots (worn)
Magical Staves
 y - an uncursed staff of summoning
Jewellery
 i - the ring of False Hope (left hand) {rElec rF+ AC+4}
   (You acquired it on level 14 of the Dungeon)

   [ring of protection]

   It affects your AC (+4).
   It protects you from fire.
   It insulates you from electricity.
 n - an amulet of reflection (around neck)
 s - an uncursed ring of protection from cold
 u - a ring of see invisible (right hand)
 C - an uncursed ring of flight
 E - an uncursed ring of stealth
 H - an uncursed ring of ice
 N - a cursed ring of wizardry
 Q - an uncursed ring of magical power
 Y - an uncursed ring of stealth
Wands
 d - a wand of paralysis (17)
 l - a wand of polymorph (19)
 v - a wand of acid (15)
 z - a wand of iceblast (15)
 D - a wand of flame (16)
 G - a wand of disintegration (40)
 T - a wand of enslavement (13)
Scrolls
 b - 2 scrolls of blinking
 f - 7 scrolls of teleportation
 m - a scroll of holy word
 r - a scroll of fear
 t - a scroll of identify
 w - 22 scrolls of remove curse
 L - a scroll of magic mapping
 M - a scroll of immolation
 U - 5 scrolls of vulnerability
 V - 2 scrolls of enchant weapon
Potions
 e - a potion of cancellation
 h - 8 potions of might
 j - 6 potions of flight
 o - 4 potions of brilliance
 q - 7 potions of stabbing
 A - 6 potions of berserk rage
 B - 3 potions of haste
 F - a potion of magic
 K - 2 potions of ambrosia
 S - 3 potions of curing
 W - 2 potions of resistance
 X - 2 potions of lignification
Miscellaneous
 g - a tin of tremorstones (3/3)
 I - 2 boxes of beasts
Comestibles
 c - 34 rations


   Skills:
 + Level 11.8 Fighting
 - Level 9.4 Short Blades
 + Level 9.0 Armour
 + Level 12.2 Dodging
 - Level 10.9 Stealth
 - Level 5.6 Shields
 - Level 8.2 Spellcasting
 - Level 14.0 Conjurations
 - Level 14.0 Hexes
 + Level 6.1 Summonings
 - Level 10.0 Invocations
 - Level 8.4 Evocations


You had 2 spell levels left.
You knew the following spells:

 Your Spells              Type           Power        Failure   Level  Hunger
a - Magic Dart            Conj           ####         0%          1    None
b - Searing Ray           Conj           ######       1%          2    None
c - Dazzling Flash        Conj/Hex       ######       1%          3    None
d - Fulminant Prism       Conj/Hex       ######....   1%          4    ##.....
e - Cause Fear            Hex            ######....   1%          4    ##.....
f - Ensorcelled Hibernat  Hex/Ice        ######       1%          2    None
g - Summon Small Mammal   Summ           ####         1%          1    None
h - Tukima's Dance        Hex            ######..     1%          3    None
i - Mephitic Cloud        Conj/Pois/Air  #####...     2%          3    None
j - Summon Lightning Spi  Summ/Air       ####....     14%         4    ##.....
k - Summon Ice Beast      Ice/Summ       ####....     14%         4    ##.....

Your spell library contained the following spells:

 Spells                   Type           Power        Failure   Level  Hunger
 Corona                   Hex            ######.      0%          1    None
 Shock                    Conj/Air       ####         1%          1    None
 Call Imp                 Summ           #####...     1%          2    None
 Slow                     Hex            ######..     1%          2    None
 Animate Skeleton         Necr           N/A          4%          1    None
 Infusion                 Chrm           ##..         4%          1    None
 Pain                     Necr           ##..         4%          1    None
 Sting                    Tmut/Pois      ##..         4%          1    None
 Poisonous Vapours        Pois/Air       ##....       8%          2    None
 Shroud of Golubria       Chrm/Tloc      ##....       8%          2    None
 Song of Slaying          Chrm           ##......     8%          2    None
 Swiftness                Chrm/Air       ##......     8%          2    None
 Call Canine Familiar     Summ           #####...     1%          3    None
 Confusing Touch          Hex            ######..     1%          3    None
 Inner Flame              Hex/Fire       ######..     1%          3    None
 Portal Projectile        Hex/Tloc       ######       1%          3    None
 Spectral Weapon          Hex/Chrm       ######..     1%          3    None
 Static Discharge         Conj/Air       ######..     1%          3    None
 Summon Guardian Golem    Hex/Summ       ######..     1%          3    None
 Iskenderun's Mystic Bla  Conj/Tloc      ######..     2%          4    ##.....
 Leda's Liquefaction      Hex/Erth       ######....   2%          4    ##.....
 Lightning Bolt           Conj/Air       ######....   8%          5    ####...
 Metabolic Englaciation   Hex/Ice        ######....   8%          5    ####...
 Silence                  Hex/Air        ######....   8%          5    ####...
 Ignite Poison            Fire/Tmut/Pois ##......     14%         3    None
 Ozocubu's Armour         Chrm/Ice       ##......     14%         3    None
 Vampiric Draining        Necr           ##........   14%         3    None
 Conjure Ball Lightning   Conj/Air       ######....   38%         6    ######.
 Airstrike                Air            ##........   43%         4    ##.....
 Animate Dead             Necr           N/A          43%         4    ##.....
 Ice Form                 Ice/Tmut       ##......     43%         4    ##.....
 Olgreb's Toxic Radiance  Pois           ##......     43%         4    ##.....
 Freezing Cloud           Conj/Ice/Air   #####.....   73%         6    ######.
 Agony                    Necr           ##......     80%         5    ####...
 Ozocubu's Refrigeration  Ice            ##........   100%        6    ######.
 Simulacrum               Ice/Necr       ##........   100%        6    ######.
 Tornado                  Air            ##........   100%        9    #######


Dungeon Overview and Level Annotations

Branches:
Dungeon (15/15)            Temple (0/1) D:7            Lair (6/6) D:10
 Shoals (4/4) Lair:3       Spider (3/4) Lair:3        Slime (1/5) Lair:5
    Orc (2/2) D:11            Elf (0/3) Orc:2        Vaults (0/5) D:13
 Depths (0/5) D:15          Sewer (visited)

Altars:
Hepliaklqana
Kikubaaqudgha
Makhleb
Okawaru
Ru
Sif Muna
Trog
Yredelemnul
Beogh

Shops:
D:13 [   Orc:2 }%*%   Shoals:3 [

Annotations:
Lair:3 2 transporters, Suawn's ghost, journeyman HuNe
Lair:4 3 runed translucent doors, Ceoqa's ghost, journeyman OgWz
Spider:3 Mara


Innate Abilities, Weirdness & Mutations

You are small and have problems with some larger weapons.
You are carnivorous and can eat meat at any time.
Your life essence is reduced to manifest your ancestor. (-10% HP)
Your flesh is heat resistant. (rF+)
Your muscles are strong. (Str +2)
You expend magic power (3 MP) to strengthen your wands.


Message History

You feel strangely unstable.
You block the alligator snapping turtle's attack.
The merfolk siren misses Edmun Bitchslapp.
Edmun Bitchslapp hits the alligator snapping turtle with a +0 broad axe of flaming.
Edmun Bitchslapp burns the alligator snapping turtle.
Edmun Bitchslapp closely misses the merfolk siren.
The satyr shoots an arrow.
You reflect the arrow off an invisible shield around you!
The arrow hits the satyr!!
You are no longer terrified.
You kill the satyr!
You hear a splash. x3
The alligator snapping turtle bites you from afar!!
* * * LOW HITPOINT WARNING * * *
The merfolk siren chants its luring song.
Edmun Bitchslapp hits the alligator snapping turtle but does no damage.
Edmun Bitchslapp hits the merfolk siren but does no damage.
The merfolk siren chants its luring song.
The alligator snapping turtle bites you from afar!!
You die...

≈≈...≈≈≈≈≈≈≈≈≈≈≈.##...(..≈≈≈≈
≈≈≈≈≈≈≈§≈≈≈≈)≈≈(....≈≈≈≈≈≈≈≈≈≈
≈≈≈≈≈≈≈≈≈(≈≈)≈≈≈≈..≈≈≈≈≈≈≈≈≈≈≈≈≈
≈≈≈≈≈≈≈≈≈≈≈≈≈≈≈≈≈≈≈≈≈<≈≈≈≈≈≈≈≈≈≈
≈≈≈≈.≈≈≈≈≈≈≈≈≈≈≈≈≈≈≈≈≈≈≈≈≈≈≈≈≈≈≈
≈≈≈≈....≈(≈≈≈≈≈≈≈(≈≈≈≈≈≈≈≈≈≈≈≈≈≈
...((..(.≈(≈≈)mRt[≈(≈≈≈≈≈≈≈≈≈≈≈≈
.........≈≈≈≈≈≈(....≈≈≈≈.≈≈≈≈≈≈≈≈
≈##≈.....≈≈≈≈≈≈)@<..≈≈≈≈.≈≈≈≈≈≈≈≈
#####)...≈≈≈≈≈≈≈.(...≈≈≈.≈≈≈≈≈≈≈≈
#.#..#(..≈≈≈≈≈≈≈.....≈≈≈.≈≈≈≈≈≈≈≈
.≈...#(.≈≈≈≈≈≈≈≈......≈≈...≈≈≈≈≈≈
#.#.###.≈(≈≈≈≈≈≈≈....≈≈≈....≈≈≈≈≈
.[.≈###(≈≈≈≈≈≈≈≈≈≈≈≈≈≈≈≈....≈≈≈≈≈
#.#.##≈.≈(≈≈≈≈P≈≈≈≈≈≈≈≈≈.....≈≈≈≈
.≈...#≈≈≈≈≈≈≈≈≈≈≈≈≈≈###≈#≈≈..≈≈≈≈
..#.###≈≈≈≈≈PPP....≈#######..≈≈≈≈


You could see the friendly Edmun Bitchslapp the knight, an alligator snapping
turtle and a merfolk siren (mesmerising).

Vanquished Creatures
  Nikola (Shoals:3)
  Arachne (Spider:1)
  Rupert (D:13)
  A kraken (Shoals:1)
  A tengu reaver (D:15)
  A frost giant (D:15)
  A ghost moth (Spider:2)
  An orc warlord (Orc:2)
  Aizul (Shoals:1)
  Nessos (Lair:6)
  Azrael (D:14)
  2 merfolk javelineers (Shoals:4)
  7 merfolk impalers
  A fire dragon (Lair:6)
  A yaktaur captain (D:13)
  A rakshasa (D:15)
  8 hydras
  A two-headed ogre (D:12)
  2 merfolk avatars
  3 death knights
  4 centaur warriors
  4 merfolk aquamancers
  A satyr (Shoals:4)
  An alligator snapping turtle (Shoals:4)
  5 death yaks
  Sonja (Lair:2)
  7 skeletal warriors
  4 sea snakes
  A flayed ghost (D:15)
  3 phantasmal warriors
  An obsidian statue (Shoals:1)
  An orc knight (Orc:2)
  Pikel (D:7)
  9 harpies
  A necromancer (D:11)
  3 orb spiders
  13 wolf spiders
  4 cyclopes
  A centaur zombie (D:14)
  3 ugly things
  5 manticores
  4 fauns (Shoals:2)
  A moth of wrath (Spider:1)
  8 merfolk sirens
  3 black mambas
  4 elephants
  5 water nymphs
  3 molten gargoyles (Lair:6)
  A torpor snail (Spider:2)
  A spriggan skeleton (D:15)
  A gargoyle (D:12)
  A yaktaur zombie (D:15)
  8 spiny frogs
  Maggie (D:7)
  A yaktaur (D:13)
  4 freezing wraiths
  9 komodo dragons
  An ice devil (Lair:3)
  5 demonic crawlers
  4 kobold demonologists
  7 trolls
  Grinder (D:4)
  A polar bear (Lair:4)
  12 jumping spiders
  16 merfolk
  A hornet (D:8)
  12 hippogriffs
  3 wind drakes
  4 dream sheep (Shoals:3)
  7 snapping turtles
  3 blink frogs (Lair:2)
  5 slime creatures (D:12)
  7 water elementals
  Sigmund (D:3)
  24 redbacks
  A shadow (D:13)
  An ice dragon skeleton (D:15)
  10 tarantellas
  A human (D:7)
  31 yaks
  A fire elemental (D:14)
  4 hogs (D:7)
  A steam dragon (Lair:6)
  3 basilisks
  4 wyverns
  Menkaure (D:4)
  Grum (D:8)
  4 hungry ghosts
  A warg (Orc:1)
  14 soldier ants
  Edmund (D:4)
  An acid dragon (D:12)
  8 hell hounds
  6 porcupines
  5 water moccasins
  28 orc warriors
  A sky beast (D:15)
  2 slaves (D:7)
  2 ice beasts
  2 phantoms
  2 black bears
  6 ogres
  3 boggarts (D:15)
  12 wolves
  22 centaurs
  3 crocodiles
  Blork the orc (D:6)
  18 big kobolds
  13 bullfrogs
  A wyvern zombie (D:6)
  16 knights
  5 scorpions
  16 killer bees
  12 wights
  3 howler monkeys
  3 vampire bats (D:6)
  5 lava snakes (Lair:6)
  A bullfrog zombie (D:13)
  6 crimson imps
  11 hounds
  3 quasits
  5 jellies
  Crazy Yiuf (D:3)
  21 orc priests
  A centaur skeleton (D:12)
  18 orc wizards
  Natasha (D:2)
  3 iguanas
  28 worker ants
  A hound zombie (D:5)
  A hound skeleton (D:4)
  Robin (D:4)
  A worker ant zombie (D:8)
  A howler monkey skeleton (D:5)
  9 gnolls
  13 adders
  A river rat (D:6)
  3 shadow imps
  2 oozes
  An adder skeleton (D:7)
  11 worms
  5 dart slugs
  5 leopard geckos
  107 orcs
  5 bat skeletons (D:6)
  2 bat zombies (D:6)
  3 giant cockroaches
  11 hobgoblins
  12 jackals
  6 quokkas
  6 ball pythons
  14 bats
  9 frilled lizards
  16 goblins
  34 kobolds
  9 rats
  17 fulminant prisms
  5 fungi
  6 plants
  A withered plant (D:15)
971 creatures vanquished.

Vanquished Creatures (collateral kills)
  Ilsuiw (Shoals:3)
  2 ghost moths
  2 merfolk javelineers (Shoals:4)
  A merfolk impaler (Shoals:4)
  A hydra (Lair:1)
  2 two-headed ogres
  An alligator snapping turtle (Shoals:4)
  A merfolk avatar (Shoals:2)
  A death knight (D:14)
  2 satyrs (Shoals:3)
  A queen ant (Lair:2)
  A death yak (Lair:6)
  An orc high priest (Orc:1)
  3 unseen horrors
  3 sea snakes
  A lindwurm (Lair:6)
  3 harpies
  A necromancer (D:15)
  2 orb spiders
  An orc knight (Orc:2)
  An orc sorcerer (Orc:1)
  3 wolf spiders
  5 fauns (Shoals:3)
  3 cyclopes
  2 ugly things (D:15)
  A manticore (Shoals:4)
  A centaur zombie (D:12)
  5 elephants
  A black mamba (Lair:6)
  4 spiny frogs
  A merfolk siren (Shoals:1)
  2 water nymphs
  A yaktaur (D:13)
  A gargoyle (D:15)
  A rime drake (Lair:1)
  3 kobold demonologists (D:14)
  2 demonic crawlers (Spider:1)
  4 komodo dragons
  An ice devil (Lair:3)
  8 merfolk
  4 jumping spiders
  3 dream sheep (Shoals:1)
  2 hornets
  2 blink frogs (Lair:2)
  A hippogriff (Lair:1)
  A centaur simulacrum (D:15)
  3 water elementals
  A fire dragon skeleton (D:15)
  5 redbacks
  10 tarantellas
  A wraith (D:14)
  24 yaks
  3 wyverns
  2 basilisks (Lair:6)
  2 steam dragons
  2 fire elementals (D:14)
  A hungry ghost (D:9)
  7 soldier ants (Lair:2)
  An acid dragon (D:14)
  6 water moccasins
  A hell hound (D:14)
  A porcupine (Lair:4)
  9 orc warriors
  A sky beast (D:11)
  2 ogres
  3 centaurs
  3 wolves
  2 boggarts (D:15)
  5 crocodiles
  6 big kobolds
  4 bullfrogs
  A scorpion (Lair:1)
  A killer bee (D:12)
  3 wights (D:11)
  A howler monkey (D:10)
  A crimson imp (D:8)
  2 bullfrog skeletons (D:10)
  2 hounds
  2 jellies
  6 orc wizards
  4 orc priests
  2 centaur skeletons
  An iguana (D:5)
  3 worker ants
  5 gnolls
  2 adders
  2 shadow imps
  29 orcs
  A ball python (D:6)
  4 jackals
  2 kobolds (D:14)
  A bat (D:6)
  2 fungi (Lair:1)
  12 plants
288 creatures vanquished.

Vanquished Creatures (others)
  2 merfolk impalers (Shoals:3)
  A snapping turtle (Shoals:3)
  A bullfrog zombie (D:13)
  3 ancestors
  28 knights
  An orc (D:13)
  569 fulminant prisms
  17 fungi
  26 plants
  20 tentacles (Shoals:1)
  6 withered plants (D:15)
674 creatures vanquished.

Grand Total: 1933 creatures vanquished

Notes
Turn   | Place    | Note
-------+----------+-------------------------------------------
     0 | D:1      | MarredHen the Kobold Conjurer began the quest for the Orb.
     0 | D:1      | Reached XP level 1. HP: 10/10 MP: 3/3
   300 | D:1      | Reached XP level 2. HP: 15/15 MP: 3/5
   712 | D:1      | Reached XP level 3. HP: 19/19 MP: 2/6
  1424 | D:2      | Learned a level 2 spell: Searing Ray
  1587 | D:2      | Reached XP level 4. HP: 24/24 MP: 1/7
  1674 | D:2      | Reached skill level 5 in Conjurations
  2050 | D:2      | Reached skill level 1 in Short Blades
  2549 | D:2      | Noticed Natasha
  2555 | D:2      | Killed Natasha
  2555 | D:2      | Reached XP level 5. HP: 25/28 MP: 1/9
  2646 | D:2      | Found a basalt altar of Yredelemnul.
  3540 | D:3      | Found a sacrificial altar of Ru.
  4105 | D:3      | Noticed Sigmund
  4114 | D:3      | Killed Sigmund
  4114 | D:3      | Reached XP level 6. HP: 32/32 MP: 2/11
  4365 | D:3      | Found a runed translucent door.
  4366 | D:3      | Noticed Crazy Yiuf
  4717 | D:3      | Killed Crazy Yiuf
  4717 | D:3      | Reached XP level 7. HP: 36/36 MP: 5/12
  5232 | D:4      | Reached skill level 5 in Stealth
  5370 | D:4      | Noticed Grinder
  5636 | D:4      | Noticed Robin
  5642 | D:4      | Reached skill level 5 in Dodging
  5649 | D:4      | Killed Robin
  5683 | D:4      | Reached XP level 8. HP: 41/41 MP: 0/14
  6264 | D:4      | Noticed Menkaure
  6268 | D:4      | Killed Menkaure
  6545 | D:4      | Killed Grinder
  6545 | D:4      | Reached skill level 5 in Spellcasting
  6694 | D:5      | Entered Level 5 of the Dungeon
  6943 | D:5      | Reached XP level 9. HP: 46/46 MP: 6/17
  7008 | D:5      | Noticed Edmund
  7165 | D:4      | Killed Edmund
  7165 | D:4      | Reached skill level 1 in Fighting
  7986 | D:5      | Found a burning altar of Makhleb.
  7986 | D:5      | Found a hazy altar of Hepliaklqana.
  7998 | D:5      | Became a worshipper of Hepliaklqana the Forgotten
  8503 | D:6      | Found a glowing drain.
  8519 | Sewer    | Entered a sewer
 10400 | D:6      | Reached * piety under Hepliaklqana
 10415 | D:6      | Noticed Blork the orc
 10419 | D:6      | Killed Blork the orc
 10478 | D:6      | Found an ancient bone altar of Kikubaaqudgha.
 10866 | D:7      | Reached XP level 10. HP: 25/50 MP: 4/19
 11206 | D:6      | Learned a level 3 spell: Dazzling Flash
 11231 | D:7      | Noticed Maggie
 11246 | D:7      | Killed Maggie
 11471 | D:7      | Noticed Pikel
 11490 | D:7      | Killed Pikel
 11601 | D:7      | Found a staircase to the Ecumenical Temple.
 12678 | D:8      | Noticed Grum
 12698 | D:8      | Killed Grum
 12904 | D:8      | Reached skill level 5 in Fighting
 13333 | D:8      | Reached XP level 11. HP: 55/56 MP: 17/22
 13510 | D:8      | Reached skill level 10 in Conjurations
 13695 | D:8      | Reached skill level 10 in Stealth
 13951 | D:8      | Gained mutation: You expend magic power (3 MP) to
                  | strengthen your wands. [potion of mutation]
 13951 | D:8      | Gained mutation: Your flesh is heat resistant. (rF+)
                  | [potion of mutation]
 13951 | D:8      | Gained mutation: Your muscles are strong. (Str +2) [potion
                  | of mutation]
 14375 | D:9      | Reached ** piety under Hepliaklqana
 14376 | D:9      | Remembered your ancestor Edmun Bitchslapp as a knight
 14734 | D:9      | Noticed a cyclops
 14752 | D:9      | Killed a cyclops
 14947 | D:10     | Entered Level 10 of the Dungeon
 15229 | D:10     | Found a staircase to the Lair.
 15419 | D:10     | You fall into a shaft and drop 3 floors!
 15420 | D:13     | Noticed a cyclops
 15472 | D:12     | Noticed a death knight
 15472 | D:12     | Noticed a skeletal warrior
 15488 | D:12     | Noticed a phantasmal warrior
 15651 | D:11     | Found an iron altar of Okawaru.
 15854 | D:11     | Learned a level 4 spell: Fulminant Prism
 15960 | D:11     | Noticed a two-headed ogre
 15979 | D:11     | Killed a two-headed ogre
 16026 | D:11     | Found a staircase to the Orcish Mines.
 16188 | D:11     | Reached XP level 12. HP: 63/63 MP: 21/24
 16717 | D:11     | Reached skill level 5 in Hexes
 17457 | D:10     | Reached *** piety under Hepliaklqana
 17640 | Lair:1   | Entered Level 1 of the Lair of Beasts
 18126 | Lair:1   | Reached skill level 1 in Armour
 18480 | Lair:1   | Noticed a four-headed hydra
 18481 | Lair:1   | Reached skill level 10 in Dodging
 18494 | Lair:1   | Killed a four-headed hydra
 19581 | Lair:2   | Noticed Sonja
 19588 | Lair:2   | Killed Sonja
 19588 | Lair:2   | Reached XP level 13. HP: 44/71 MP: 17/25
 19877 | Lair:3   | Noticed a seven-headed hydra
 20448 | Lair:2   | Reached skill level 5 in Armour
 20632 | Lair:2   | Reached **** piety under Hepliaklqana
 20839 | Lair:2   | Noticed a five-headed hydra
 20858 | Lair:2   | Killed a five-headed hydra
 20858 | Lair:2   | Reached skill level 10 in Fighting
 21348 | Lair:3   | Found a transporter.
 21351 | Lair:3   | Found a transporter.
 21351 | Lair:3   | Noticed Suawn's ghost (journeyman HuNe)
 21353 | Lair:3   | Noticed a catoblepas
 21384 | Lair:3   | Found a hole to the Spider Nest.
 21941 | Lair:3   | Killed a seven-headed hydra
 22000 | Lair:3   | Found a staircase to the Shoals.
 22352 | Lair:3   | Reached skill level 1 in Shields
 22962 | Lair:4   | Noticed a seven-headed hydra
 23217 | Lair:4   | Killed a seven-headed hydra
 23350 | Lair:4   | Reached ***** piety under Hepliaklqana
 23433 | Lair:4   | Found a runed translucent gate.
 23433 | Lair:4   | Found a runed translucent gate.
 23433 | Lair:4   | Found a runed translucent gate.
 23435 | Lair:4   | Noticed Ceoqa's ghost (journeyman OgWz)
 23883 | Lair:4   | Reached XP level 14. HP: 79/79 MP: 1/26
 23894 | Lair:4   | Reached skill level 5 in Shields
 23950 | Lair:4   | Reached skill level 1 in Invocations
 25017 | Lair:5   | Reached skill level 5 in Invocations
 25123 | Lair:5   | Found a staircase to the Slime Pits.
 25876 | Lair:6   | Entered Level 6 of the Lair of Beasts
 27314 | Lair:6   | Reached skill level 10 in Invocations
 27321 | Lair:6   | Learned a level 4 spell: Cause Fear
 27325 | Lair:6   | Learned a level 2 spell: Ensorcelled Hibernation
 27327 | Lair:6   | Learned a level 1 spell: Summon Small Mammal
 27826 | Lair:6   | Noticed Nessos
 28144 | Lair:6   | Killed Nessos
 28144 | Lair:6   | Reached XP level 15. HP: 72/82 MP: 17/27
 28823 | Lair:6   | Got a glimmering dagger
 28875 | Lair:6   | Identified the +6 dagger of Propriety {speed, Str+3} (You
                  | found it on level 6 of the Lair of Beasts)
 29042 | Lair:6   | Found a large runed translucent door.
 29043 | Lair:6   | Found a large runed translucent door.
 30101 | Orc:1    | Entered Level 1 of the Orcish Mines
 30383 | Orc:1    | Reached ****** piety under Hepliaklqana
 30400 | Orc:2    | Entered Level 2 of the Orcish Mines
 30401 | Orc:2    | Noticed an orc warlord
 30694 | Orc:1    | Found a roughly hewn altar of Beogh.
 30917 | Orc:2    | Found a staircase to the Elven Halls.
 30967 | Orc:2    | Identified a scroll of acquirement
 31029 | Orc:2    | HP: 4/82 [orc priest/divine providence (16)]
 31288 | Orc:1    | Got the +7 quick blade "Poniej" {flame, +Inv rPois Int+5
                  | Stlth-}
 31397 | Orc:2    | Reached skill level 1 in Evocations
 32474 | Orc:2    | Killed an orc warlord
 32474 | Orc:2    | Reached skill level 5 in Short Blades
 32724 | Orc:2    | Found a bloodstained altar of Trog.
 33147 | Orc:2    | Found Cennun's Assorted Antiques.
 33147 | Orc:2    | Found Xeunoneg's Food Boutique.
 33149 | Orc:2    | Found Munieg's Gadget Shop.
 33151 | Orc:2    | Found Oruantej's Food Shoppe.
 33161 | Orc:2    | Bought 2 scrolls labeled ELOYLLADU for 52 gold pieces
 33161 | Orc:2    | Bought a scroll of identify for 52 gold pieces
 33161 | Orc:2    | Bought a scroll labeled POBITO ATOI for 26 gold pieces
 33161 | Orc:2    | Bought a pair of jewelled gloves for 247 gold pieces
 33166 | Orc:2    | Identified the +2 pair of gloves of Ehutinox {Harm rPois
                  | rCorr Str-5} (You bought it in a shop on level 2 of the
                  | Orcish Mines)
 33643 | Orc:2    | Bought a wand of acid (7) for 330 gold pieces
 33643 | Orc:2    | Bought a wand of disintegration (16) for 300 gold pieces
 33643 | Orc:2    | Bought a box of beasts for 300 gold pieces
 34031 | D:12     | Reached skill level 5 in Evocations
 35775 | D:13     | Noticed Rupert
 35837 | D:13     | Killed Rupert
 35837 | D:13     | Reached XP level 16. HP: 34/87 MP: 20/28
 36203 | D:13     | Found Dadoter's Antique Armour Shop.
 36380 | D:13     | Found a gate to the Vaults.
 36492 | D:14     | Noticed Azrael
 37525 | D:14     | Killed Azrael
 38245 | D:14     | Got the ring of False Hope {rElec rF+ AC+4}
 38265 | D:15     | Entered Level 15 of the Dungeon
 38366 | D:15     | Reached skill level 10 in Hexes
 38589 | D:15     | Found a staircase to the Depths.
 38967 | D:15     | Noticed a tengu reaver
 38971 | D:15     | Noticed a frost giant
 38987 | D:15     | Killed a tengu reaver
 38998 | D:15     | Killed a frost giant
 39225 | D:15     | Found a shimmering blue altar of Sif Muna.
 39227 | D:15     | Found a basalt altar of Yredelemnul.
 40084 | Slime:1  | Entered Level 1 of the Pits of Slime
 40084 | Slime:1  | Noticed an azure jelly
 40175 | Spider:1 | Entered Level 1 of the Spider Nest
 40395 | Spider:1 | Reached XP level 17. HP: 91/91 MP: 21/29
 41468 | Spider:2 | Noticed Arachne
 41712 | Spider:1 | Killed Arachne
 44371 | Spider:3 | Noticed Mara
 44375 | Spider:3 | Noticed MarredHen's illusion
 44649 | Spider:3 | Noticed MarredHen's illusion
 45282 | Shoals:1 | Entered Level 1 of the Shoals
 45340 | Shoals:1 | Noticed Aizul
 45363 | Shoals:1 | Killed Aizul
 45728 | Shoals:1 | Learned a level 3 spell: Tukima's Dance
 45732 | Shoals:1 | Learned a level 3 spell: Mephitic Cloud
 45878 | Shoals:1 | Noticed a kraken
 46252 | Shoals:1 | Killed a kraken
 46252 | Shoals:1 | Reached skill level 1 in Summonings
 46471 | Shoals:1 | Learned a level 4 spell: Summon Lightning Spire
 46476 | Shoals:1 | Learned a level 4 spell: Summon Ice Beast
 47369 | Shoals:2 | Reached XP level 18. HP: 76/97 MP: 3/30
 48063 | Shoals:2 | Got a faintly humming leather armour
 48353 | Shoals:1 | Identified the +0 leather armour of Oluc {rN+ Int+3 Dex-3}
                  | (You found it on level 2 of the Shoals)
 48403 | Shoals:3 | Found Riozximei's Antique Armour Emporium.
 49643 | Shoals:3 | Noticed Ilsuiw
 49652 | Shoals:3 | Noticed Nikola
 50578 | Shoals:3 | Killed Ilsuiw
 50626 | Shoals:3 | HP: 4/99 [Nikola/chain lightning (9)]
 51062 | Shoals:3 | Killed Nikola
 51215 | Shoals:4 | Entered Level 4 of the Shoals
 51476 | Shoals:4 | Reached skill level 5 in Summonings
 52121 | Shoals:4 | Found the +10 Black Knight's horse barding {ponderous,
                  | rPois rN+}
 53928 | Shoals:4 | Cast into level 2 of the Abyss (merfolk javelineer)
 53933 | Abyss:2  | Found a corrupted altar of Lugonu.
 53939 | Shoals:4 | Escaped the Abyss
 53978 | Shoals:4 | Mangled by an alligator snapping turtle

Illustrated notes

Levels and vault maps discovered:
D:1:      minmay_arrival_loop, layout_loops_ring
D:2:      layout_loops_ring, yredelemnul_altar_generic, first_ration,
          minmay_misc_feat_four_crosses, corexii_item_surrounded_by_moat,
          minmay_heptomino_w4, uniq_natasha
D:3:      layout_loops_corners, nicolae_ru_awakened_eye,
          uniq_crazy_yiuf_cottage, uniq_sigmund
D:4:      layout_loops_ring, minmay_bisected, uniq_grinder, uniq_menkaure,
          uniq_robin
D:5:      layout_loops_ring, gammafunk_temple_overflow_wave, uniq_edmund
D:6:      layout_rooms, kennysheep_vampire_church,
          cheibrodos_sewer_entry_sluice, minmay_misc_feat_pillars,
          uniq_blork_the_orc
D:7:      layout_basic, minmay_temple_entry_junction_2, grunt_livestock,
          uniq_pikel, uniq_maggie
D:8:      layout_basic, mrwooster_statue_mirror, uniq_grum
D:9:      layout_basic, hangedman_decor_diamond_cutter
D:10:     layout_roguey [special_room_kobold], dpeg_oklobed_lair
D:11:     layout_rooms, hiddenorc2_lemuel, basic_altar, minmay_librarian
D:12:     layout_roguey, gauntlet_entry_generic
D:13:     layout_big_octagon, david_vaults_2, serial_shops, shop, uniq_rupert
D:14:     layout_rooms, minmay_crystal_room, uniq_azrael
D:15:     gammafunk_depths_entry_grave, layout_loops_ring,
          chequers_decorated_corner, jmf_multi_god_temple
Lair:1:   layout_cave_pods, serial_bayou_shore_b
Lair:2:   layout_hall_layers, enter_volcano_1, minivault_29, uniq_sonja
Lair:3:   layout_big_grid, minmay_shoals_entry_beasts, spider_nest_entry_rubble,
          gammafunk_ghost_arena, portal_ice_cave_demonic_guard, minivault_23
Lair:4:   layout_regular_city, gammafunk_ghost_necromancy, beast_lair_carwin_8
Lair:5:   layout_cave_pods, nicolae_slime_entry_slimehenge, grunt_megastairs_5
Lair:6:   cheibrodos_lair_end_hotspot, layout_regular_city, lemuel_fruit_tree,
          uniq_nessos
Shoals:1: cheibrodos_shoals_roost, layout_shoals, dpeg_stationary_puzzle,
          uniq_aizul
Shoals:2: cheibrodos_shoals_baths, layout_shoals
Shoals:3: cheibrodos_shoals_satyrical_garden, layout_shoals, serial_shops,
          shop_fountains, uniq_ilsuiw, uniq_nikola
Shoals:4: shoals_end_grunt_ice, layout_shoals
Spider:1: layout_spider_delve
Spider:2: layout_chambers, uniq_arachne
Spider:3: layout_chambers, spiders_nest_ghost_moth_duel,
          hangedman_spider_tarantella_strand, uniq_mara
Slime:1:  layout_caves
Orc:1:    layout_caves, bh_open_orc_temple
Orc:2:    st_orc_rangers, layout_caves, basic_altar

Skill      XL: |  1  2  3  4  5  6  7  8  9 10 11 12 13 14 15 16 17 18 |
---------------+-------------------------------------------------------+-----
Conjurations   | 5 6 7 8 9 10 11 12 13 14 | 14.0
Short Blades   | 1 8 9 |  9.4
Dodging        | 3 4 5 6 7 8 9 10 12 | 12.2
Stealth        | 3 4 5 7 8 9 10 | 10.9
Spellcasting   | 3 4 5 6 7 8 |  8.2
Fighting       | 3 5 6 8 10 11 | 11.8
Hexes          | 3 7 9 11 14 | 14.0
Armour         | 3 7 9 |  9.0
Shields        | 4 5 |  5.6
Invocations    | 10 | 10.0
Evocations     | 7 8 |  8.4
Summonings     | 2 6 |  6.1

Action                   |  1- 3 |  4- 6 |  7- 9 | 10-12 | 13-15 | 16-18 || total
-------------------------+-------+-------+-------+-------+-------+-------++-------
Melee: Unarmed           |     3 |       |       |       |       |       ||     3
       Short sword       |    18 |       |       |       |       |       ||    18
       Dagger            |     6 |    89 |   212 |   122 |       |       ||   429
       Mace              |       |       |       |    62 |   294 |       ||   356
       Quick blade       |       |       |       |       |   227 |  1492 ||  1719
 Cast: Magic Dart        |    57 |    90 |    54 |     3 |       |     3 ||   207
       Searing Ray       |       |    23 |   175 |   188 |    58 |    21 ||   465
       Dazzling Flash    |       |       |       |     1 |       |       ||     1
       Fulminant Prism   |       |       |       |    20 |   281 |   289 ||   590
       Cause Fear        |       |       |       |       |     3 |     2 ||     5
       Ensorcelled Hiber |       |       |       |       |       |     1 ||     1
       Summon Small Mamm |       |       |       |       |       |     1 ||     1
Invok: Ancestor Identity |       |       |     1 |       |       |       ||     1
       Recall Ancestor   |       |       |       |     9 |    11 |     3 ||    23
       Ancestor Life: Kn |       |       |       |     1 |       |       ||     1
 Abil: Evoke Flight      |       |       |     2 |       |       |       ||     2
       Evoke Invisibilit |       |       |       |       |     2 |     4 ||     6
Evoke: Wand              |       |       |       |     2 |     2 |     1 ||     5
  Use: Scroll            |       |     5 |     7 |    22 |    21 |    22 ||    77
       Potion            |       |     3 |     1 |     9 |     4 |     7 ||    24
 Stab: Distracted        |       |       |       |       |     7 |    13 ||    20
       Sleeping          |       |       |       |       |     5 |     2 ||     7
       Invisible         |       |       |       |       |       |     3 ||     3
       Paralysed         |       |       |       |       |       |     2 ||     2
  Eat: Chunk             |     8 |     6 |    12 |    31 |    52 |    40 ||   149
       Ration            |       |       |     4 |     1 |    12 |    10 ||    27
Armor: Robe              |     6 |    10 |    59 |     4 |       |       ||    79
       Steam dragon scal |       |       |       |    91 |   126 |   293 ||   510
Dodge: Dodged            |    28 |   108 |   186 |   391 |   508 |   780 ||  2001
Block: Buckler           |       |       |    69 |   119 |   532 |   778 ||  1498
       Reflection        |       |       |       |       |    76 |   110 ||   186

Table legend:
 A = Non-vault XP
 B = Vault XP
 C = Vault XP percentage of total XP
 D = Non-vault monster count
 E = Vault monster count
 F = Vault count percentage of total count
                 A         B        C        D         E       F
            +---------+---------+-------+---------+---------+-------
      Total |  165358 |   99279 |  37.5 |     837 |     363 |  30.2
            +---------+---------+-------+---------+---------+-------
        D:1 |      52 |       0 |   0.0 |      27 |       0 |   0.0
        D:2 |     114 |      55 |  32.5 |      34 |       8 |  19.0
        D:3 |      59 |     272 |  82.2 |      19 |       2 |   9.5
        D:4 |     529 |     776 |  59.5 |      28 |      17 |  37.8
        D:5 |     733 |       0 |   0.0 |      27 |       0 |   0.0
        D:6 |     684 |     301 |  30.6 |      18 |      14 |  43.8
        D:7 |    1249 |    1983 |  61.4 |      29 |       7 |  19.4
        D:8 |    1689 |     635 |  27.3 |      34 |       5 |  12.8
        D:9 |    1354 |       0 |   0.0 |      12 |       0 |   0.0
       D:10 |    2902 |    2181 |  42.9 |      41 |      26 |  38.8
       D:11 |    5019 |     947 |  15.9 |      47 |      33 |  41.2
       D:12 |    8679 |       0 |   0.0 |      50 |       0 |   0.0
       D:13 |    8480 |    4908 |  36.7 |      37 |       4 |   9.8
       D:14 |    7935 |    2518 |  24.1 |      32 |       9 |  22.0
       D:15 |   12861 |    9271 |  41.9 |      33 |      12 |  26.7
     Lair:1 |    4133 |       0 |   0.0 |      18 |       0 |   0.0
     Lair:2 |    4473 |    5490 |  55.1 |      19 |      41 |  68.3
     Lair:3 |    4333 |    2463 |  36.2 |      16 |       6 |  27.3
     Lair:4 |    7436 |    2552 |  25.6 |      31 |      10 |  24.4
     Lair:5 |    9324 |    2671 |  22.3 |      26 |      12 |  31.6
     Lair:6 |    7603 |    8652 |  53.2 |      19 |      28 |  59.6
   Shoals:1 |   11152 |    5993 |  35.0 |      26 |       8 |  23.5
   Shoals:2 |    8041 |    2229 |  21.7 |      17 |       7 |  29.2
   Shoals:3 |    8324 |   12784 |  60.6 |      22 |      13 |  37.1
   Shoals:4 |   10386 |   19154 |  64.8 |      20 |      26 |  56.5
   Spider:1 |    8716 |    3480 |  28.5 |      31 |       1 |   3.1
   Spider:2 |   15581 |       0 |   0.0 |      35 |       0 |   0.0
   Spider:3 |    7824 |    3006 |  27.8 |      24 |       7 |  22.6
      Orc:1 |    1724 |    1369 |  44.3 |      21 |       8 |  27.6
      Orc:2 |    3969 |    5511 |  58.1 |      44 |      38 |  46.3
      Sewer |       0 |      78 | 100.0 |       0 |      21 | 100.0
            +---------+---------+-------+---------+---------+-------
